 Dungeon Crawl Stone Soup version 0.31.0-32-g396128a36d (webtiles) character file.

Game seed: 16183389530350541355

703 Econoterrorist the Basher (level 7, -5/41 HPs)
             Began as a Gargoyle Fighter on Apr 8, 2024.
             Slain by Duvessa
             ... wielding a +0 short sword
              (7 damage)
             ... on level 4 of the Dungeon.
             The game lasted 00:09:15 (2598 turns).

Econoterrorist the Basher (Gargoyle Fighter)        Turns: 2598, Time: 00:09:16

Health: -5/41      AC: 15    Str: 19    XL:     7   Next: 66%
Magic:  0/7        EV:  9    Int:  9    God:
Gold:   183        SH:  4    Dex: 11    Spells: 6/6 levels left

rFire   . . .        a - +0 flail
rCold   . . .        c - +0 buckler
rNeg    + + .        b - +0 scale mail
rPois   ∞            o - +0 helmet
rElec   +            l - +0 cloak
rCorr   .            k - +0 pair of gloves
SInv    .            (no boots)
Will    +....        v - amulet of guardian spirit Stlth
                     d - ring of positive energy
HPRegen 0.26/turn    g - ring of willpower
MPRegen 0.10/turn

%: guardian spirit
@: no status effects
A: sickness immunity, AC +4, negative energy resistance 1, electricity
resistance, torment resistance 1, petrification resistance
a: no special abilities


You were on level 4 of the Dungeon.
You visited 1 branch of the dungeon, and saw 4 of its levels.

You collected 183 gold pieces.

Inventory:

Hand Weapons
 a - a +0 flail (weapon)
Armour
 b - a +0 scale mail (worn)
 c - a +0 buckler (worn)
 k - a +0 pair of gloves (worn)
 l - a +0 cloak (worn)
 o - a +0 helmet (worn)
Jewellery
 d - a ring of positive energy (left hand)
 g - a ring of willpower (right hand)
 v - an amulet of guardian spirit (around neck)
 y - an amulet of regeneration
Wands
 n - a wand of paralysis (5)
Scrolls
 e - a scroll of teleportation
 i - 5 scrolls of identify {unknown}
 p - 2 scrolls of blinking {unknown}
 q - a scroll of revelation {unknown}
 t - 2 scrolls of poison
 u - a scroll of enchant armour {unknown}
 x - a scroll of fear {unknown}
Potions
 f - a potion of cancellation {unknown}
 m - a potion of haste {unknown}


   Skills:
 - Level 3.2 Fighting
 + Level 8.4 Maces & Flails
 - Level 3.2 Armour
 - Level 3.2 Shields


You had 6 spell levels left.
You didn't know any spells.
Your spell library contained the following spells:

 Spells                   Type           Power      Damage    Failure   Level
 Summon Small Mammal      Summ           0%         N/A       83%         1
 Blink                    Tloc           0%         N/A       92%         2
 Lesser Beckoning         Tloc           0%         N/A       92%         2
 Momentum Strike          Conj/Tloc      0%         3d8       92%         2
 Call Canine Familiar     Summ           0%         N/A       99%         3
 Summon Blazeheart Golem  Fire/Summ      0%         N/A       100%        4


Dungeon Overview and Level Annotations

Branches:
Dungeon (4/15)
 Temple: D:4-7

Altars:
Gozag

Annotations:
D:4 Duvessa


Innate Abilities, Weirdness & Mutations

You are immune to sickness and miasma.
Your stone body is resilient. (AC +4)
You are immune to poison.
You resist negative energy. (rN+)
You are resistant to electric shocks. (rElec)
You are resistant to unholy torment.
You are immune to petrification.


Message History

Duvessa hits you but does no damage. You block Duvessa's attack.
There is a stone staircase leading up here.
You sock Duvessa!
Duvessa is lightly wounded.
Duvessa hits you but does no damage. You block Duvessa's attack.
You hit Duvessa but do no damage.
Duvessa is lightly wounded.
Duvessa barely misses you.
You thump Duvessa!
Duvessa is moderately wounded.
Duvessa closely misses you. Duvessa hits you but does no damage.
You hit Duvessa.
Duvessa is moderately wounded.
Duvessa closely misses you.
You barely miss Duvessa.
Duvessa is moderately wounded.
Duvessa hits you but does no damage. You block Duvessa's attack.
You hit Duvessa.
Duvessa is heavily wounded.
Duvessa hits you with a +0 short sword!
You hit Duvessa but do no damage.
Duvessa is heavily wounded.
You block Duvessa's attack. Duvessa hits you with a +0 short sword.
You barely miss Duvessa.
Duvessa is heavily wounded.
Duvessa hits you with a +0 short sword! Duvessa hits you with a +0 short sword.
* * * LOW HITPOINT WARNING * * *
You sock Duvessa!
Duvessa is severely wounded.
Duvessa barely misses you.
You barely miss Duvessa.
Duvessa is severely wounded.
Duvessa hits you with a +0 short sword!
* * * LOW HITPOINT WARNING * * *
Duvessa hits you but does no damage.
Okay, then.
You completely miss Duvessa.
Duvessa is severely wounded.
Duvessa hits you with a +0 short sword!
You die...

###.####
#......###########
#.#.##............
#.#.##........# #.
#.#.##....)...###.
#.#.##............
#.#.##........###.
#e............##..
#@..###.......†...
#.### ##########.#
#.# #.# ... #.#
.... #.. ......
### ##...[.
##...##


You could see Duvessa (berserk).

Vanquished Creatures
  Grinder (D:3)
  A kobold brigand (D:3)
  A scorpion (D:3)
  Dowan (D:4)
  3 hounds (D:4)
  An orc priest (D:4)
  A bombardier beetle (D:4)
  An iguana (D:4)
  An orc wizard (D:3)
  Robin (D:3)
  An adder (D:2)
  3 dart slugs
  3 ribbon worms
  13 orcs
  8 ball pythons
  7 endoplasms
  4 giant cockroaches
  16 goblins
  4 hobgoblins
  10 jackals
  10 kobolds
  5 quokkas
  3 bats
  2 frilled lizards
  2 rats
103 creatures vanquished.

Notes
Turn   | Place    | Note
-------+----------+-------------------------------------------
     0 | D:1      | Econoterrorist the Gargoyle Fighter began the quest for the
                  | Orb.
     0 | D:1      | Reached XP level 1. HP: 14/14 MP: 1/1
    55 | D:1      | Reached XP level 2. HP: 6/19 MP: 2/2
   149 | D:1      | Reached skill level 3 in Maces & Flails
   371 | D:1      | Reached XP level 3. HP: 22/23 MP: 3/3
   424 | D:1      | Found a faded altar of an unknown god.
   715 | D:2      | Reached skill level 4 in Maces & Flails
   950 | D:2      | Reached XP level 4. HP: 28/28 MP: 4/4
  1122 | D:3      | Noticed Robin
  1181 | D:3      | Killed Robin
  1182 | D:3      | Reached skill level 5 in Maces & Flails
  1182 | D:3      | Reached XP level 5. HP: 31/32 MP: 5/5
  1186 | D:3      | Found an opulent altar of Gozag.
  1343 | D:3      | Noticed a kobold brigand
  1373 | D:3      | Killed a kobold brigand
  1491 | D:3      | Reached skill level 6 in Maces & Flails
  1491 | D:3      | Reached XP level 6. HP: 37/37 MP: 6/6
  1500 | D:3      | Identified the +0 sling of Putrescence {elec, rPois Dex+3
                  | SInv}
  1575 | D:3      | Noticed Grinder
  1595 | D:3      | Killed Grinder
  1596 | D:3      | Reached skill level 7 in Maces & Flails
  1596 | D:3      | Reached XP level 7. HP: 28/41 MP: 7/7
  2082 | D:4      | Noticed Duvessa
  2082 | D:4      | Noticed Dowan
  2104 | D:4      | Killed Dowan
  2110 | D:4      | HP: 1/41 [Duvessa/+0 short sword (4)]
  2336 | D:4      | Reached skill level 8 in Maces & Flails
  2438 | D:4      | Identified the +9 short sword of Annoyance {drain, MP+9}
  2597 | D:4      | HP: 2/41 [Duvessa/+0 short sword (11)]
  2598 | D:4      | Slain by Duvessa

Illustrated notes

Levels and vault maps discovered:
D:1:      dpeg_arrival_tiny_c, layout_rooms, hellmonk_ecumenical_altar_blasted
D:2:      layout_rooms
D:3:      layout_loops_ring, nicolae_gozag_cash_rules_everything_around_me,
          uniq_robin, uniq_grinder
D:4:      layout_loops_cross, uniq_ijyb, uniq_duvessa

Skill      XL: |  1  2  3  4  5  6  7 |
---------------+----------------------+-----
Maces & Flails | 3 4 5 6 7 8 |  8.4
Fighting       | |  3.2
Armour         | |  3.2
Shields        | |  3.2

Action                     |  1- 3 |  4- 6 |  7- 9 || total
---------------------------+-------+-------+-------++-------
  Melee: Flail             |   114 |   145 |   116 ||   375
  Evoke: Wand              |       |       |     1 ||     1
    Use: Potion            |       |     1 |     4 ||     5
         Scroll            |       |       |     4 ||     4
 Armour: Scale mail        |   126 |   127 |    90 ||   343
  Dodge: Dodged            |    73 |    82 |    50 ||   205
  Block: Buckler           |    40 |    27 |    19 ||    86
